 Dungeon Crawl Stone Soup version 0.21.1-1-g345015f (webtiles) character file.

1491 tidbits the Charmwright (level 8, 0/85 HPs)
             Began as a Gnoll Skald on June 20, 2018.
             Was a Believer of Cheibriados.
             Slain by Ethylacetat's ghost (7 damage)
             ... on level 8 of the Dungeon.
             The game lasted 00:18:08 (1760 turns).

tidbits the Charmwright (Gnoll Skald)               Turns: 1760, Time: 00:18:08

Health: 0/85       AC: 24    Str: 22 (25) XL:     8   Next: 80%
Magic:  12/17      EV:  2    Int: 30 (31) God:    Cheibriados [**....]
Gold:   76         SH:  0    Dex: 19 (20) Spells: 8/19 levels left

rFire    . . .     SeeInvis .   w - +2 trident (vamp)
rCold    . . .     Gourm    .   (no shield)
rNeg     + + +     Faith    .   (armour currently unavailable)
rPois    +         Spirit   .   (helmet currently unavailable)
rElec    .         Reflect  .   (cloak currently unavailable)
rCorr    .         Harm     .   (gloves currently unavailable)
MR       .....     NoTele   +   (boots currently unavailable)
Stlth    +++.......             (no amulet)
HPRegen  0.24/turn              (no ring)
MPRegen  0.15/turn              (no ring)

@: mighty, brilliant, tree-form, very slow
A: distributed training, clever 1, frail 1, strong nose
a: Bend Time, Renounce Religion


You were on level 8 of the Dungeon.
You worshipped Cheibriados.
Cheibriados was pleased with you.
You were hungry.
You were a tree.
You visited 2 branches of the dungeon, and saw 9 of its levels.
You also visited: Ossuary.

You collected 166 gold pieces.
You spent 90 gold pieces at shops.

Inventory:

Hand Weapons
 a - a +0 hand axe
 h - a +0 flail
 k - a +0 blowgun
 m - a +0 shortbow
 s - a +0 dagger
 u - a +0 halberd
 w - a +2 vampiric trident (weapon)
   (You took it off a gnoll sergeant on level 7 of the Dungeon)
Missiles
 e - 68 arrows
 f - 4 curare-tipped needles
Armour
 b - a +0 leather armour (melded)
 p - a +0 buckler
 t - a +0 ring mail
 x - a +1 shield of protection
   (You took it off a gnoll sergeant on level 7 of the Dungeon)
Scrolls
 g - 2 scrolls of fear
 j - a scroll of blinking {unknown}
 o - 3 scrolls of fog
 r - 5 scrolls of remove curse
 B - a scroll of enchant armour {unknown}
 C - a scroll of noise {unknown}
 D - 2 scrolls of identify
Potions
 i - a potion of might
 q - a potion of brilliance
 v - a potion of invisibility {unknown}
 z - a potion of degeneration
 A - 2 potions of flight
Books
 d - a book of Battle

   Spells                             Type                      Level
   a - Infusion                       Charms                       1
   b - Shroud of Golubria             Charms/Translocation         2
   c - Song of Slaying                Charms                       2
   d - Spectral Weapon                Hexes/Charms                 3
   e - Regeneration                   Charms/Necromancy            3
Comestibles
 c - 3 rations


   Skills:
 + Level 5.8 Fighting
 + Level 3.5 Short Blades
 + Level 3.5 Long Blades
 + Level 5.8 Axes
 + Level 3.5 Maces & Flails
 + Level 3.5 Polearms
 + Level 3.5 Staves
 + Level 3.5 Slings
 + Level 3.5 Bows
 + Level 3.5 Crossbows
 + Level 3.5 Throwing
 + Level 4.4 Armour
 + Level 5.8 Dodging
 + Level 3.5 Stealth
 + Level 3.5 Shields
 + Level 3.5 Unarmed Combat
 + Level 6.2 Spellcasting
 + Level 2.9 Conjurations
 + Level 2.9 Hexes
 + Level 6.2 Charms
 + Level 2.9 Summonings
 + Level 2.9 Necromancy
 + Level 2.9 Translocations
 + Level 2.9 Transmutations
 + Level 2.9 Fire Magic
 + Level 2.9 Ice Magic
 + Level 2.9 Air Magic
 + Level 2.9 Earth Magic
 + Level 2.9 Poison Magic
 + Level 3.9 Invocations
 + Level 3.5 Evocations


You had 8 spell levels left.
You knew the following spells:

 Your Spells              Type           Power        Failure   Level  Hunger
g - Shroud of Golubria    Chrm/Tloc      ######....   1%          2    None
i - Infusion              Chrm           ####         1%          1    None
r - Regeneration          Chrm/Necr      ######....   1%          3    None
w - Spectral Weapon       Hex/Chrm       ######..     1%          3    None
y - Song of Slaying       Chrm           ######..     1%          2    None


Dungeon Overview and Level Annotations

Branches:
Dungeon (8/15)             Temple (1/1) D:5
   Lair: D:8-11

Altars:
Ashenzari
Cheibriados
Dithmenos
Elyvilon
Fedhas
Hepliaklqana
Kikubaaqudgha
Makhleb
Okawaru
Qazlal
Sif Muna
Trog
Uskayaw
Vehumet
Wu Jian
Yredelemnul
The Shining One

Shops:
D:4 }[

Annotations:
D:8 Ethylacetat's ghost, novice DsMo


Innate Abilities, Weirdness & Mutations

Your experience applies equally to all skills.
((You have very sharp teeth.))
Your uncanny sense of smell can sniff out nearby items.
Your mind is acute. (Int +2)
You are frail. (-10% HP)


Message History

Things that are here:
a flail; an orc corpse The orc wizard gestures wildly while chanting.
The orc wizard blinks!
Attack whom?
Press: ? - help, Dir - move target cursor, f - orc wizard
Aim: an orc wizard, wielding a dagger and wearing a robe (almost dead)
You reach to attack!
You hit the orc wizard.
You kill the orc wizard!
Cheibriados thoroughly appreciates the change of pace.
Cheibriados raises the support of your attributes as your movement slows.
Things that are here:
a dagger; a robe You swap places.
Things that are here:
a flail; an orc corpse
There is a stone staircase leading down here.
You climb downwards.
Your summoned ally is left behind.
Your spectral weapon fades away.
Level annotation: Ethylacetat's ghost, novice DsMo
There is a stone staircase leading up here.
Unknown command.
Found a ration.
Unknown command.
Found a robe.
You see here a ration.
c - 3 rations (gained 1)
Found a long sword.
You see here a robe.
You are feeling hungry.
As you read the scroll of magic mapping, it crumbles to dust.
You feel aware of your surroundings.
Unknown command.
You turn into a tree.
Your +0 leather armour melds into your body.
Your roots penetrate the ground.
Ethylacetat's ghost hits you!
You feel very mighty all of a sudden. Ethylacetat's ghost barely misses you.
You puncture Ethylacetat's ghost!
Ethylacetat's ghost is lightly damaged.
Ethylacetat's ghost hits you.
Casting: Spectral Weapon
Confirm with . or Enter, or press ? or * to list all spells.
You draw out your weapon's spirit!
Ethylacetat's ghost hits you but does no damage.
You barely miss Ethylacetat's ghost.
Ethylacetat's ghost is lightly damaged.
Your spectral weapon hits Ethylacetat's ghost!
Ethylacetat's ghost hits your spectral weapon!!
Your spectral weapon shares its damage with you!
Your spectral weapon fades away.
Ethylacetat's ghost turns its malevolent gaze towards you.
Casting: Spectral Weapon
Confirm with . or Enter, or press ? or * to list all spells.
You draw out your weapon's spirit!
Ethylacetat's ghost hits you but does no damage.
You are electrocuted!
Casting: Spectral Weapon
Confirm with . or Enter, or press ? or * to list all spells.
Okay, then.
You puncture Ethylacetat's ghost!
Ethylacetat's ghost is moderately damaged.
Your spectral weapon hits Ethylacetat's ghost but does no damage.
Ethylacetat's ghost hits you.
You are electrocuted!
* * * LOW HITPOINT WARNING * * *
You barely miss Ethylacetat's ghost.
Ethylacetat's ghost is moderately damaged.
Your spectral weapon closely misses Ethylacetat's ghost.
Ethylacetat's ghost makes a sound of rattling chains.
Ethylacetat's ghost hits you.
* * * LOW HITPOINT WARNING * * *
You are electrocuted!
* * * LOW HITPOINT WARNING * * *
Ethylacetat's ghost hits you but does no damage.
You are electrocuted!
* * * LOW HITPOINT WARNING * * *
You closely miss Ethylacetat's ghost.
Ethylacetat's ghost is moderately damaged.
Your spectral weapon hits Ethylacetat's ghost!
Ethylacetat's ghost whispers, "It is all a dream - a grotesque and foolish dream."
Ethylacetat's ghost hits you.
* * * LOW HITPOINT WARNING * * *
Unknown command.
It was a potion of flight.
Your roots keep you in place.
Ethylacetat's ghost hits you but does no damage.
It was a potion of degeneration.
There was something very wrong with that liquid.
You feel weakened.
You feel dopey.
You feel clumsy. Ethylacetat's ghost hits you.
* * * LOW HITPOINT WARNING * * *
It was a potion of brilliance.
You feel clever all of a sudden. Ethylacetat's ghost hits you.
* * * LOW HITPOINT WARNING * * *
It was a potion of mutation.
You feel extremely strange.
You feel frail.
You feel clever. Ethylacetat's ghost hits you!
You die...

**** *,,** #........,,,
**..########<#,,,,,,,,,
##..........#***,,,,,,
#............*****,,,,
#.....#......g,***,,,,
##.#............,,,*,,,
##..#..........##.,,,,,,
###..#...W(......#*##,,,,,
#........♣.......# **,,,,
**##............#* **,,,
#............# *,,,
#....#####...# **,, #..###
#...# *,, #..## #...# **,,
#...## #..## *,,,
###....#####..##### **,,*
#......[.##...#...###..,*


You could see Ethylacetat's ghost and a friendly spectral vampiric trident.

Vanquished Creatures
  Prince Ribbit (D:8)
  A hippogriff (D:7)
  A centaur (D:7)
  A big kobold (D:8)
  A gnoll sergeant (D:7)
  A scorpion (D:7)
  2 crimson imps (D:7)
  3 centaur zombies (Ossuary)
  A hound (D:4)
  2 orc priests (D:5)
  7 orc wizards
  4 worker ants
  3 big kobold zombies (Ossuary)
  A hound zombie (Ossuary)
  A hound skeleton (D:8)
  4 mummies
  6 adders
  6 gnolls
  A shadow imp (D:7)
  4 adder zombies
  A worm (D:3)
  4 leopard geckos
  9 orcs
  2 ball pythons (D:4)
  4 bats
  A giant cockroach (D:4)
  4 goblins
  10 kobolds
  A frilled lizard (D:1)
  A gnoll zombie (Ossuary)
  2 goblin zombies (Ossuary)
  2 hobgoblin zombies (Ossuary)
  3 jackal zombies (Ossuary)
  3 kobold zombies (Ossuary)
  4 quokka zombies (Ossuary)
  2 rats
  4 rat zombies (Ossuary)
108 creatures vanquished.

Vanquished Creatures (others)
  2 spectral weapons
2 creatures vanquished.

Grand Total: 110 creatures vanquished

Notes
Turn   | Place    | Note
-------+----------+-------------------------------------------
     0 | D:1      | tidbits the Gnoll Skald began the quest for the Orb.
     0 | D:1      | Reached XP level 1. HP: 20/20 MP: 6/6
   106 | D:1      | Reached XP level 2. HP: 14/26 MP: 1/7
   114 | D:1      | Learned a level 2 spell: Song of Slaying
   117 | D:1      | Learned a level 2 spell: Shroud of Golubria
   187 | D:3      | Reached XP level 3. HP: 25/31 MP: 5/9
   193 | D:3      | Learned a level 3 spell: Regeneration
   197 | D:3      | Learned a level 3 spell: Spectral Weapon
   220 | D:3      | Found a hide-covered altar of Uskayaw.
   227 | D:3      | Reached skill level 5 in Spellcasting
   264 | D:3      | Reached skill level 1 in Invocations
   323 | D:3      | Reached skill level 1 in Short Blades
   323 | D:3      | Reached skill level 1 in Long Blades
   323 | D:3      | Reached skill level 1 in Maces & Flails
   323 | D:3      | Reached skill level 1 in Polearms
   323 | D:3      | Reached skill level 1 in Staves
   323 | D:3      | Reached skill level 1 in Slings
   323 | D:3      | Reached skill level 1 in Bows
   323 | D:3      | Reached skill level 1 in Crossbows
   323 | D:3      | Reached skill level 1 in Throwing
   323 | D:3      | Reached skill level 1 in Stealth
   323 | D:3      | Reached skill level 1 in Shields
   323 | D:3      | Reached skill level 1 in Unarmed Combat
   323 | D:3      | Reached skill level 1 in Evocations
   352 | D:3      | Reached XP level 4. HP: 23/38 MP: 3/11
   432 | D:4      | Found Ittampoo's Gadget Shop.
   438 | D:4      | Found Dekulos's Antique Armour Emporium.
   443 | D:4      | Bought a buckler for 90 gold pieces
   491 | D:4      | Reached skill level 1 in Conjurations
   491 | D:4      | Reached skill level 1 in Hexes
   491 | D:4      | Reached skill level 1 in Summonings
   491 | D:4      | Reached skill level 1 in Necromancy
   491 | D:4      | Reached skill level 1 in Translocations
   491 | D:4      | Reached skill level 1 in Transmutations
   491 | D:4      | Reached skill level 1 in Fire Magic
   491 | D:4      | Reached skill level 1 in Ice Magic
   491 | D:4      | Reached skill level 1 in Air Magic
   491 | D:4      | Reached skill level 1 in Earth Magic
   491 | D:4      | Reached skill level 1 in Poison Magic
   510 | D:5      | Entered Level 5 of the Dungeon
   598 | D:5      | Reached XP level 5. HP: 33/43 MP: 4/12
   602 | D:5      | Reached skill level 3 in Armour
   613 | D:4      | Noticed an ogre
   687 | D:5      | Reached XP level 6. HP: 35/50 MP: 4/13
   706 | D:5      | Reached skill level 2 in Invocations
   772 | D:5      | Found a staircase to the Ecumenical Temple.
   781 | Temple   | Entered the Ecumenical Temple
   820 | Temple   | Became a worshipper of Cheibriados the Contemplative
   966 | D:7      | Reached skill level 5 in Fighting
   966 | D:7      | Reached skill level 5 in Axes
   966 | D:7      | Reached skill level 5 in Dodging
   972 | D:7      | Reached skill level 2 in Short Blades
   972 | D:7      | Reached skill level 2 in Long Blades
   972 | D:7      | Reached skill level 2 in Maces & Flails
   972 | D:7      | Reached skill level 2 in Polearms
   972 | D:7      | Reached skill level 2 in Staves
   972 | D:7      | Reached skill level 2 in Slings
   972 | D:7      | Reached skill level 2 in Bows
   972 | D:7      | Reached skill level 2 in Crossbows
   972 | D:7      | Reached skill level 2 in Throwing
   972 | D:7      | Reached skill level 2 in Stealth
   972 | D:7      | Reached skill level 2 in Shields
   972 | D:7      | Reached skill level 2 in Unarmed Combat
   972 | D:7      | Reached skill level 2 in Evocations
   984 | D:7      | Reached XP level 7. HP: 31/56 MP: 8/15
  1013 | D:8      | Noticed Ethylacetat's ghost (novice DsMo)
  1045 | D:7      | Noticed a hippogriff
  1055 | D:7      | Killed a hippogriff
  1055 | D:7      | Reached skill level 2 in Conjurations
  1055 | D:7      | Reached skill level 2 in Hexes
  1055 | D:7      | Reached skill level 2 in Summonings
  1055 | D:7      | Reached skill level 2 in Necromancy
  1055 | D:7      | Reached skill level 2 in Translocations
  1055 | D:7      | Reached skill level 2 in Transmutations
  1055 | D:7      | Reached skill level 2 in Fire Magic
  1055 | D:7      | Reached skill level 2 in Ice Magic
  1055 | D:7      | Reached skill level 2 in Air Magic
  1055 | D:7      | Reached skill level 2 in Earth Magic
  1055 | D:7      | Reached skill level 2 in Poison Magic
  1096 | D:7      | HP: 5/56 [poisoned by a worker ant]
  1123 | D:7      | Reached skill level 3 in Invocations
  1290 | D:8      | Noticed Prince Ribbit
  1303 | D:8      | Reached XP level 8. HP: 34/63 MP: 12/16
  1333 | D:8      | Reached skill level 6 in Charms
  1334 | D:8      | Reached * piety under Cheibriados
  1377 | D:8      | Found a sand-covered staircase.
  1387 | Ossuary  | Entered an ossuary
  1409 | Ossuary  | Reached skill level 3 in Short Blades
  1409 | Ossuary  | Reached skill level 3 in Long Blades
  1409 | Ossuary  | Reached skill level 3 in Maces & Flails
  1409 | Ossuary  | Reached skill level 3 in Polearms
  1409 | Ossuary  | Reached skill level 3 in Staves
  1409 | Ossuary  | Reached skill level 3 in Slings
  1409 | Ossuary  | Reached skill level 3 in Bows
  1409 | Ossuary  | Reached skill level 3 in Crossbows
  1409 | Ossuary  | Reached skill level 3 in Throwing
  1409 | Ossuary  | Reached skill level 4 in Armour
  1409 | Ossuary  | Reached skill level 3 in Stealth
  1409 | Ossuary  | Reached skill level 3 in Shields
  1409 | Ossuary  | Reached skill level 3 in Unarmed Combat
  1409 | Ossuary  | Reached skill level 3 in Evocations
  1463 | Ossuary  | Reached ** piety under Cheibriados
  1553 | Ossuary  | Reached skill level 6 in Spellcasting
  1642 | D:8      | Killed Prince Ribbit
  1758 | D:8      | HP: 7/96 [Ethylacetat's ghost (5)]
  1760 | D:8      | Gained mutation: You are frail. (-10% HP) [potion of mutation]
  1760 | D:8      | Gained mutation: Your mind is acute. (Int +2) [potion of mutation]
  1760 | D:8      | Slain by Ethylacetat's ghost

Skill      XL: |  1  2  3  4  5  6  7  8 |
---------------+-------------------------+-----
Spellcasting   | 5 6 |  6.2
Invocations    | 1 2 3 |  3.9
Short Blades   | 1 2 3 |  3.5
Long Blades    | 1 2 3 |  3.5
Maces & Flails | 1 2 3 |  3.5
Polearms       | 1 2 3 |  3.5
Staves         | 1 2 3 |  3.5
Slings         | 1 2 3 |  3.5
Bows           | 1 2 3 |  3.5
Crossbows      | 1 2 3 |  3.5
Throwing       | 1 2 3 |  3.5
Stealth        | 1 2 3 |  3.5
Shields        | 1 2 3 |  3.5
Unarmed Combat | 1 2 3 |  3.5
Evocations     | 1 2 3 |  3.5
Conjurations   | 1 2 |  2.9
Hexes          | 1 2 |  2.9
Summonings     | 1 2 |  2.9
Necromancy     | 1 2 |  2.9
Translocations | 1 2 |  2.9
Transmutations | 1 2 |  2.9
Fire Magic     | 1 2 |  2.9
Ice Magic      | 1 2 |  2.9
Air Magic      | 1 2 |  2.9
Earth Magic    | 1 2 |  2.9
Poison Magic   | 1 2 |  2.9
Armour         | 3 4 |  4.4
Fighting       | 5 |  5.8
Axes           | 5 |  5.8
Dodging        | 5 |  5.8
Charms         | 6 |  6.2

Action                   |  1- 3 |  4- 6 |  7- 9 || total
-------------------------+-------+-------+-------++-------
Melee: Hand axe          |    47 |    64 |    27 ||   138
       Bite              |     3 |    10 |    19 ||    32
       Unarmed           |       |     2 |       ||     2
       Trident           |       |       |   148 ||   148
       Flail             |       |       |     6 ||     6
       Punch             |       |       |     2 ||     2
 Fire: Blowgun           |       |       |     4 ||     4
 Cast: Infusion          |     6 |     1 |       ||     7
       Spectral Weapon   |     2 |     9 |    24 ||    35
       Shroud of Golubri |     1 |       |     1 ||     2
       Song of Slaying   |       |     5 |     6 ||    11
       Regeneration      |       |     2 |     9 ||    11
  Use: Scroll            |       |     5 |     1 ||     6
       Potion            |       |     2 |    10 ||    12
 Stab: Distracted        |       |     3 |     3 ||     6
       Sleeping          |       |       |     1 ||     1
  Eat: Chunk             |       |     1 |     3 ||     4
       Ration            |       |       |     3 ||     3
Armor: Leather armour    |    12 |     6 |     9 ||    27
       Skin              |       |     9 |    35 ||    44
Dodge: Dodged            |    37 |    32 |   113 ||   182

Table legend:
 A = Turns spent in this place as a percentage of turns spent in the entire game.
 B = Non-inter-level travel turns spent in this place as a percentage of non-inter-level travel turns spent in the entire game.
 C = Inter-level travel turns spent in this place as a percentage of turns spent in this place.
 D = Turns resting spent in this place as a percentage of non-inter-level travel turns spent in this place.
 E = Turns spent auto-exploring this place as a percentage of non-inter-level travel turns spent in this place.
 F = Non-inter-level travel turns spent in this place divided by the number of levels of this place that you've seen.
                   A       B       C       D       E      F
               +-------+-------+-------+-------+-------+----------------------
         Total | 100.0 | 100.0 |   1.8 |   0.0 |   0.0 | 172.8
       Dungeon |  84.7 |  85.2 |   1.2 |   0.0 |   0.0 | 184.1
        Temple |   3.1 |   2.4 |  25.5 |   0.0 |   0.0 |  41.0
       Ossuary |  12.2 |  12.4 |   0.0 |   0.0 |   0.0 | 214.0
               +-------+-------+-------+-------+-------+----------------------

Table legend:
 A = Kills in this place as a percentage of kills in entire the game.
 B = Kills by you in this place as a percentage of kills by you in the entire game.
 C = Kills by friends in this place as a percentage of kills by friends in the entire game.
 D = Other kills in this place as a percentage of other kills in the entire game.
 E = Experience gained in this place as a percentage of experience gained in the entire game.
 F = Experience gained in this place divided by the number of levels of this place that you have seen.
                   A       B       C       D       E      F
               +-------+-------+-------+-------+-------+----------------------
         Total | 100.0 | 100.0 |   N/A |   N/A | 100.0 | 213.1
       Dungeon |  70.4 |  70.4 |   N/A |   N/A |  84.7 | 225.5
       Ossuary |  29.6 |  29.6 |   N/A |   N/A |  15.3 | 327.0
               +-------+-------+-------+-------+-------+----------------------

Vault maps used:
D:1:      nicolae_arrival_somewhat_less_tricky_arrival, serial_bayou_lagoon_a
D:3:      grunt_temple_overflow_order_and_chaos_1,
          nicolae_overflow_crystal_walls, lemuel_round_altar
D:4:      serial_shops, shop, shop, first_ration, st_stairs_5
D:5:      temple_hall, nrook_uturn, hangedman_abyss_or_decor_passed
D:6:      grunt_temple_overflow_opulence
D:7:      grunt_ogre_cave
D:8:      gup_ossuary_entry_pyramid, uniq_prince_ribbit1
Temple:   compressed_dpeg_circular_temple
Ossuary:  minmay_ossuary_two_tombs
